 Dungeon Crawl Stone Soup version 0.20-a0-645-g1049240 (webtiles) character file.

65 shpingle the Slasher (level 4, 0/33 HPs)
             Began as a Barachian Skald on Feb 9, 2017.
             Succumbed to an adder's poison
             ... on level 2 of the Dungeon.
             The game lasted 00:06:28 (1464 turns).

shpingle the Slasher (Barachian Skald)              Turns: 1464, Time: 00:06:28

Health: 0/33       AC:  3    Str: 15    XL:     4   Next: 13%
Magic:  5/7        EV: 18    Int: 11    God:
Gold:   10         SH:  0    Dex: 15    Spells: 4/7 levels left

rFire    . . .     SeeInvis .   f - 2 bread rations
rCold    . . .     Gourm    .   g - +0 leather armour
rNeg     . . .     Faith    .   (no shield)
rPois    .         Spirit   .   (no helmet)
rElec    .         Reflect  .   (no cloak)
rCorr    .         Harm     .   (no gloves)
MR       .....                  (no boots)
Stlth    ++........             (no amulet)
Regen    0.2/turn               (no ring)
                                h - +5 ring of strength

@: agile, lethally poisoned (0 -> -1), slow
A: swims, slowness 1, strong legs 1
a: Hop


You were on level 2 of the Dungeon.
You were not hungry.

You visited 1 branch of the dungeon, and saw 2 of its levels.

You collected 10 gold pieces.

Inventory:

Hand Weapons
 a - a +0 falchion
 b - a +0 hunting sling
Missiles
 k - 45 stones (quivered)
Armour
 g - a +0 leather armour (worn)
Jewellery
 h - a +5 ring of strength (left hand)
Scrolls
 i - a scroll of blinking
Comestibles
 f - 2 bread rations (in hand)


   Skills:
 - Level 2.1 Fighting
 + Level 3.6 Long Blades
 - Level 1.1 Armour
 + Level 3.3 Dodging
 - Level 2.0 Spellcasting
 - Level 3.0 Charms


You had 4 spell levels left.
You knew the following spells:

 Your Spells              Type           Power        Failure   Level  Hunger
a - Infusion              Chrm           #...         12%         1    ##.....
b - Song of Slaying       Chrm           #.......     17%         2    ###....


Dungeon Overview and Level Annotations

Branches:
Dungeon (2/15)

Altars:


Innate Abilities, Weirdness & Mutations

You can swim through water.
You cover ground slowly.
You can hop short distances.


Message History

There is an open door, spattered with blood here.
Things that are here:
a chunk of flesh; a rat skeleton Quiver which item? (- for none, * to show all) (? for menu, Esc to quit)
Okay, then.
Wield which item (- for none, * to show all)? (? for menu, Esc to quit)
Okay, then.
Wield which item (- for none, * to show all)? (? for menu, Esc to quit)
That's the wrong kind of item! (Use * to select it.) Wield which item (- for none, * to show all)? (? for menu, Esc to quit)
f - 2 bread rations (in hand)
You swing at nothing.
You are no longer magically infusing your attacks.
You swing at nothing.
You swing at nothing.
* * * LOW HITPOINT WARNING * * *
You feel sick.
You swing at nothing.
You swing at nothing.
You die... █...█ █...█ +...+ ████...█████ █........... █.██.█████████ ██████

█.██.█........
█..£..██.██.█.█████████
+.....@>...............
█....†█................
█.....███████.█.█████..
█..... █.█.█████..
█..... █.█........


██████ █.█████.... █.. +.... █.. █.... █. █.... There were no monsters in sight!

Vanquished Creatures
  2 gnolls (D:1)
  An adder (D:2)
  A worm (D:2)
  3 giant cockroaches
  7 hobgoblins
  3 jackals (D:1)
  4 kobolds (D:1)
  A ball python (D:2)
  2 bats (D:1)
  A frilled lizard (D:1)
  3 goblins (D:1)
  5 rats
33 creatures vanquished.

Notes
Turn   | Place    | Note
-------+----------+-------------------------------------------
     0 | D:1      | shpingle the Barachian Skald began the quest for the Orb.
     0 | D:1      | Reached XP level 1. HP: 16/16 MP: 3/3
    78 | D:1      | Reached XP level 2. HP: 16/22 MP: 0/5
   172 | D:1      | Learned a level 2 spell: Song of Slaying
   249 | D:1      | Reached skill level 3 in Long Blades
   249 | D:1      | Reached XP level 3. HP: 25/27 MP: 4/6
   646 | D:1      | Reached skill level 3 in Dodging
  1455 | D:2      | Reached XP level 4. HP: 3/33 MP: 4/7
  1458 | D:2      | HP: 1/33 [poisoned by an adder]
  1464 | D:2      | Succumbed to an adder's poison

Vault maps used:
D:1:      wheals_arrival_shading, minmay_statues_item
D:2:      uniq_robin, uniq_terence

Skill      XL: |  1  2  3 |
---------------+----------+-----
Long Blades    | 3 |  3.6
Dodging        | 3 |  3.3
Fighting       | |  2.1
Armour         | |  1.1
Spellcasting   | |  2.0
Charms         | |  3.0

Action                   |  1- 3 |  4- 6 || total
-------------------------+-------+-------++-------
Melee: Falchion          |   105 |       ||   105
 Fire: Hunting sling     |     3 |       ||     3
Throw: Stone             |     3 |       ||     3
 Cast: Infusion          |    14 |       ||    14
  Use: Potion            |     1 |       ||     1
       Scroll            |       |     1 ||     1
  Eat: Chunk             |     3 |       ||     3
Armor: Leather armour    |    24 |       ||    24
Dodge: Dodged            |    70 |       ||    70
       Rpst.: Falchion   |    27 |       ||    27
